 Dungeon Crawl Stone Soup version 0.29.1-14-g9c671dbff4 (webtiles) character file.

Game seed: 18305487307307716927

2 ReaperWolf26 the Chiller (level 1, 0/14 HPs)
             Began as a Draconian Ice Elementalist on Feb 16, 2023.
             Constricted to death by a ball python (1 damage)
             ... on level 2 of the Dungeon.
             The game lasted 00:03:40 (80 turns).

ReaperWolf26 the Chiller (Draconian Ice Elementalist) Turns: 80, Time: 00:03:41

Health: 0/14       AC:  4    Str: 10    XL:     1   Next: 33%
Magic:  3/3        EV:  9    Int: 15    God:
Gold:   0          SH:  0    Dex: 11    Spells: 3/4 levels left

rFire   . . .      SeeInvis .   (no weapon)
rCold   . . .      Faith    .   (no shield)
rNeg    . . .      Spirit   .   (body armour unavailable)
rPois   .          Reflect  .   (helmet restricted)
rElec   .          Harm     .   (no cloak)
rCorr   .          Rampage  .   (no gloves)
Will    .....                   (no boots)
Stlth   ++........              (no amulet)
HPRegen 0.04/turn               (no ring)
MPRegen 0.08/turn               (no ring)

@: constricted
A: AC +4, unfitting armour, cold-blooded
a: no special abilities


You were on level 2 of the Dungeon.
You visited 1 branch of the dungeon, and saw 2 of its levels.

Inventory:

Potions
 a - a potion of magic


   Skills:
 + Level 1.8 Dodging
 + Level 1.8 Stealth
 + Level 2.0 Spellcasting
 + Level 4.1 Ice Magic


You had 3 spell levels left.
You knew the following spells:

 Your Spells              Type           Power      Damage    Failure   Level
a - Freeze                Ice            52%        1d7       4%          1

Your spell library contained the following spells:

 Spells                   Type           Power      Damage    Failure   Level
 Frozen Ramparts          Ice            26%        1d4       12%         3
 Ozocubu's Armour         Ice            13%        N/A       12%         3
 Hailstorm                Conj/Ice       7%         3d4       67%         4


Dungeon Overview and Level Annotations

Branches:
Dungeon (2/15)

Altars:


Innate Abilities, Weirdness & Mutations

Your plain brown scales are hard. (AC +4)
You cannot fit into any form of body armour.
You are cold-blooded and may be slowed by cold attacks.


Message History

The ball python barely misses you. The ball python completely misses you.
The ball python attacks as you move away!
The ball python closely misses you. The ball python bites you.
The ball python grabs you. The ball python constricts you.
You see here 10 gold pieces.
You escape the ball python's grasp.
There is a stone staircase leading down here.
You can't go up here!
The ball python bites you but does no damage.
The ball python closely misses you.
You climb downwards.
The adder hisses angrily.
The endoplasm quivers.
Found a scroll labelled NEW AMPIXKEGAJIAS.
Found a stone staircase leading up and a stone staircase leading down.
There is a stone staircase leading up here.
You closely miss the adder.
Your tail-slap misses the adder.
The ball python bites you. The ball python grabs you.
The ball python constricts you. The adder bites you.
You closely miss the ball python. The ball python misses you.
The ball python constricts you. The adder closely misses you.
You hit the ball python.
The ball python is heavily wounded.
The adder bites you.
* * * LOW HITPOINT WARNING * * *
The ball python barely misses you. The ball python constricts you.
You barely miss the ball python.
Your tail-slap misses the ball python.
The ball python is heavily wounded.
The adder bites you but does no damage.
The ball python bites you but does no damage.
The ball python constricts you. The adder barely misses you.
The ball python bites you.
* * * LOW HITPOINT WARNING * * *
The ball python constricts you.
The endoplasm hits you but does no damage.
You hit the ball python.
The ball python is severely wounded.
The adder bites you but does no damage. The ball python barely misses you.
The ball python constricts you.
You die...

.... ... ..
# #.# # #.
.. ..#
#.##.##....
#.......#
#..@S...#
#.SJ....#
#.......#
#.......#
.?......#
.........#
..#..###...
.>##.. ..<.


You could see an adder, an endoplasm and a ball python.

Vanquished Creatures
  A dart slug (D:1)
1 creature vanquished.

Notes
Turn   | Place    | Note
-------+----------+-------------------------------------------
     0 | D:1      | ReaperWolf26 the Draconian Ice Elementalist began the quest
                  | for the Orb.
     0 | D:1      | Reached XP level 1. HP: 14/14 MP: 3/3
    80 | D:2      | Constricted to death by a ball python

Illustrated notes

Levels and vault maps discovered:
D:1:      evilmike_arrival_fibonacci_small, layout_basic, serial_bayou_pond_a
D:2:      layout_loops_ring, basic_altar, hellmonk_ecumenical_altar_zigzags,
          minmay_misc_feat_rugged, minmay_pentomino_u4

Action                   || total
-------------------------++-------
Melee: Unarmed           ||    16
       Tailslap          ||     3
 Stab: Sleeping          ||     1
Armor: Skin              ||     6
Dodge: Dodged            ||    17
